 Dungeon Crawl Stone Soup version 0.26-a0-541-g3b3d21e777 (webtiles) character file.

Game seed: 8473573343195932998

64 BeastOfSaturn the Skirmisher (level 3, -3/29 HPs)
             Began as a Demonspawn Fighter on Aug 16, 2020.
             Was an Initiate of Ashenzari.
             Slain by an iguana (6 damage)
             ... on level 2 of the Dungeon.
             The game lasted 00:03:27 (1982 turns).

BeastOfSaturn the Skirmisher (Demonspawn Fighter)   Turns: 1982, Time: 00:03:27

Health: -3/29      AC:  6    Str: 17    XL:     3   Next: 91%
Magic:  3/3        EV:  7    Int:  9    God:    Ashenzari [......]
Gold:   172        SH:  8    Dex: 12    Spells: 2/2 levels left

rFire    . . .     SeeInvis .   a - +0 long sword
rCold    . . .     Faith    .   c - +0 kite shield
rNeg     . . .     Spirit   .   b - +0 scale mail
rPois    .         Reflect  .   (no helmet)
rElec    .         Harm     .   (no cloak)
rCorr    .                      (no gloves)
MR       .....                  (no boots)
Stlth    ..........             (no amulet)
HPRegen  0.09/turn              (no ring)
MPRegen  0.08/turn              (no ring)

@: lightly drained
A: talons 2
a: Curse Item, Renounce Religion


You were on level 2 of the Dungeon.
You worshipped Ashenzari.
Ashenzari was noncommittal.
You visited 1 branch of the dungeon, and saw 3 of its levels.

You collected 172 gold pieces.

Inventory:

Hand Weapons
 a - a +0 long sword (weapon)
Armour
 b - a +0 scale mail (worn)
 c - a +0 kite shield (worn)
Jewellery
 m - an uncursed ring of ice
Scrolls
 f - a scroll of amnesia {unknown}
 g - 2 scrolls of enchant weapon {unknown}
 h - a scroll of remove curse
 i - a scroll of enchant armour {unknown}
 l - a scroll of random uselessness {unknown}
 n - 2 scrolls of teleportation {unknown}
 o - 2 scrolls of identify
Potions
 d - 2 potions of might
 e - a potion of flight
 j - a potion of cancellation
 k - a potion of haste
 p - a potion of curing {unknown}


   Skills:
 * Level 3.6(3.1) Fighting
 * Level 2.8(2.4) Long Blades
 - Level 3.0(2.5) Armour
 * Level 1.0(0.6) Dodging
 - Level 2.6(2.2) Shields


You had 2 spell levels left.
You didn't know any spells.
Your spell library was empty.

Dungeon Overview and Level Annotations

Branches:
Dungeon (3/15)

Altars:
Ashenzari
Cheibriados
Xom
Yredelemnul


Innate Abilities, Weirdness & Mutations

You have razor-sharp toenails.


Message History

You are too injured to fight recklessly!
You see here a bat corpse.
There is a stone staircase leading up, spattered with blood here.
The iguana bites you.
You climb upwards.
There is a stone staircase leading down here.
You are too injured to fight recklessly!
You are too injured to fight recklessly!
You closely miss the iguana. You claw the iguana!
The iguana is heavily wounded.
You block the iguana's attack.
You closely miss the iguana.
The iguana is heavily wounded.
The iguana bites you but does no damage.
You hit the iguana but do no damage.
The iguana is heavily wounded.
The iguana bites you.
* * * LOW HITPOINT WARNING * * *
The iguana bites you.
You die...

.# #.# #.#.##.##.........#.#
.###.#####.#.##.############.#
.#<#.#...#.#.##.........# #.#
.#.#.#.#.#.#.##.#######.# #.#
.#.#.#.#.#.#.##########.####.####
.#.#.#.#.........................
.#.#.#.#.#.#.###.##.#...#....####
.#.#.#.###.#.# #.##.###.#.#### #
.#.#.#.....#.# #@l........## #
.#.#.#######.###.##.....#..# #
.#.#.).........#.########..## #
.#.#########.#.#.# #...#####
.#.......#.....#.########.#.##...
.#######.#.#...#.#........#..#...
.........#.###.#<#.#########.#...
######...........#.# ##..###
#.###.###.#.#.# #......


You could see an iguana.

Vanquished Creatures
  An adder (D:3)
  An ooze (D:3)
  2 dart slugs
  An orc (D:3)
  A giant cockroach (D:2)
  4 goblins
  10 hobgoblins
  4 jackals (D:2)
  A ball python (D:2)
  5 bats
  A frilled lizard (D:1)
  5 kobolds
  9 rats
45 creatures vanquished.

Notes
Turn   | Place    | Note
-------+----------+-------------------------------------------
     0 | D:1      | BeastOfSaturn the Demonspawn Fighter began the quest for
                  | the Orb.
     0 | D:1      | Reached XP level 1. HP: 18/18 MP: 1/1
   139 | D:1      | Gained mutation: You have sharp toenails. [demonic
                  | ancestry]
   139 | D:1      | Reached XP level 2. HP: 24/24 MP: 2/2
   677 | D:2      | Gained mutation: You have razor-sharp toenails. [demonic
                  | ancestry]
   677 | D:2      | Reached XP level 3. HP: 27/29 MP: 3/3
   876 | D:2      | Found a shimmering altar of Xom.
   911 | D:2      | Found a shattered altar of Ashenzari.
   934 | D:2      | Became a worshipper of Ashenzari the Shackled
   955 | D:2      | Found a basalt altar of Yredelemnul.
  1109 | D:2      | Found a snail-covered altar of Cheibriados.
  1941 | D:3      | Reached skill level 1 in Dodging
  1982 | D:2      | Slain by an iguana

Illustrated notes

Levels and vault maps discovered:
D:1:      dpeg_arrival_boxes_within_box, layout_rooms, minmay_pentomino_w2
D:2:      layout_basic, nicolae_overflow_hidden_temple,
          yredelemnul_altar_generic, grunt_temple_overflow_open
D:3:      minmay_chambers_of_threes, layout_rooms,
          nicolae_gozag_cash_rules_everything_around_me

Skill      XL: |  1  2  3 |
---------------+----------+-----
Long Blades    | 2 |  2.8
Armour         | 3 |  3.0
Dodging        | 1 |  1.0
Fighting       | |  3.6
Shields        | |  2.6

Action                   || total
-------------------------++-------
Melee: Long sword        ||    89
       Kick              ||    14
  Use: Scroll            ||     3
Armor: Scale mail        ||    53
Dodge: Dodged            ||    31
Block: Kite shield       ||    41
       Rpst.: Long sword ||     6

Table legend: (Time is in decaauts)
 A = Elapsed time spent in this place.
 B = Non-inter-level travel time spent in this place.
 C = Inter-level travel time spent in this place.
 D = Time resting spent in this place.
 E = Time spent auto-exploring this place.
 F = Levels seen in this place.
 G = Mean time per level.
                   A        B        C        D        E       F      G
               +--------+--------+--------+--------+--------+-----+--------+
         Total |   2015 |   1923 |     92 |    227 |   1404 |   3 |  671.7 |
       Dungeon |   2015 |   1923 |     92 |    227 |   1404 |   3 |  671.7 |
               +--------+--------+--------+--------+--------+-----+--------+

Top non-repeatable levels by time:
     D:2: 1218 daAuts
     D:1: 629 daAuts
     D:3: 168 daAuts
